Map: Kairos Junction LE

Players

GridiroN

  • Race: Protoss Protoss
  • League: Diamond
  • Spawn Location: 11:00

Crazyrain - Winner!

  • Race: Terran Terran
  • League: Diamond
  • Spawn Location: 5:00

VOD

Have the link to the VOD?

Description

Long ass macro game.

Time

  • Played on: June 13, 2019, 11:50 p.m.
  • Length: 63:32
Show
View Real Time Build Order
Export as new Build Order

GridiroN Protoss 

Build Orders: Blink Stalkers 

Get SALT Encoding   

  12  0:01  Probe  
  13  0:13  Probe  
  14  0:21  Probe  
  14  0:23  Pylon  
  15  0:39  Probe  
  16  0:44  Gateway  
  16  0:51  Probe  
  17  0:59  Assimilator  
  17  1:02  Probe  
  17  1:10  Probe  
  18  1:14  Assimilator  
  19  1:19  Probe  
  20  1:31  Cybernetics Core  
  20  1:35  Pylon  
  20  1:36  Probe  
  21  1:48  Probe  
  22  1:59  Nexus  
  22  2:00  Probe  
  23  2:07  Warp Gate  
  23  2:10  Adept  
  25  2:22  Gateway  
  24  2:40  Twilight Council  
  24  2:48  Robotics Facility, Probe  
  25  3:02  Adept  
  25  3:03  Probe  
  28  3:10  Adept  
  30  3:14  Probe  
  30  3:15  Probe  
  30  3:16  Pylon  
  32  3:26  Probe  
  33  3:34  Blink, Pylon  
  33  3:36  Observer  
  34  3:44  Probe x2  
  36  3:56  Probe x2  
  36  3:58  Gateway  
  38  4:08  Probe x2  
  34  4:26  Stalker x2  
  34  4:27  Probe x2  
  34  4:28  Assimilator  
  40  4:31  Pylon  
  40  4:34  Dark Shrine  
  40  4:44  Gateway  
  40  4:50  Warp Prism  
  40  4:51  Stalker  
  40  4:52  Probe x2  
  44  4:55  Sentry  
  44  4:57  Sentry  
  50  5:00  Probe x2  
  52  5:08  Probe  
  53  5:23  Probe x2, Shield Battery  
  53  5:24  Shield Battery  
  53  5:27  Assimilator  
  53  5:28  Stalker x2  
  59  5:30  Stalker  
  61  5:39  Immortal  
  65  5:59  Pylon  
  65  6:04  Gateway  
  65  6:05  Gateway  
  65  6:09  Shield Battery  
  65  6:14  Probe x2  
  65  6:15  Pylon  
  67  6:18  Observer  
  67  6:19  Immortal  
  71  6:26  Probe  
  71  6:27  Dark Templar  
  71  6:28  Dark Templar  
  71  6:30  Zealot  
  78  6:38  Forge  
  78  6:39  Forge  
  78  6:43  Zealot  
  79  6:54  Charge  
  79  6:55  Probe x2  
  81  7:03  Templar Archives  
  81  7:05  Warp Prism  
  81  7:07  Probe x2  
  77  7:30  Probe x2  
  77  7:34  Stalker  
  77  7:35  Stalker x2  
  85  7:39  Psionic Storm  
  85  7:44  Pylon  
  85  7:45  Pylon  
  85  7:49  Pylon  
  85  7:56  Pylon  
  85  7:59  Pylon  
  85  8:14  Dark Templar x2  
  85  8:15  Nexus  
  85  8:19  Archon  
  89  8:22  Zealot x2  
  89  8:25  Probe  
  94  8:28  Pylon  
  81  8:48  Dark Templar x3  
  55  9:03  Zealot  
  55  9:04  Zealot x2  
  58  9:22  Dark Templar x3  
  57  9:24  Zealot x3  
  63  9:42  Dark Templar x2  
  67  9:46  Zealot  
  67  9:51  Dark Templar  
  67  9:52  Zealot x2  
  69  9:56  Probe  
  65  10:04  Probe  
  60  10:13  Zealot  
  47  10:14  Probe  
  31  10:26  Probe  
  32  10:38  Probe  
  32  10:40  Dark Templar x2  
  32  10:41  Zealot  
  39  10:43  Zealot  
  33  10:57  Zealot  
  33  10:58  Zealot  
  35  11:39  Dark Templar  
  33  11:40  Dark Templar  
  33  11:45  Dark Templar  
  37  11:54  Zealot x2  
  37  11:55  Zealot  
  43  12:12  Dark Templar  
  39  12:43  Nexus  
  37  13:08  Zealot x2  
  37  13:09  Zealot  
  41  13:21  Sentry x2  
  41  13:22  Sentry  
  47  13:46  Dark Templar  
  49  13:49  Dark Templar  
  49  13:52  Archon  
  51  13:56  Probe  
  51  13:57  Probe  
  51  13:58  Archon  
  51  14:02  Zealot x2  
  57  14:13  Dark Templar  
  59  14:17  Pylon  
  59  14:29  Archon  
  59  14:33  Assimilator  
  59  14:34  Assimilator  
  59  14:39  Immortal  
  59  14:45  Pylon  
  63  15:18  Stalker x3  
  63  15:19  Stalker  
  71  15:26  Shield Battery  
  69  15:46  Stalker  
  69  15:47  Stalker x2  
  75  15:55  Shield Battery  
  75  16:01  Dark Templar  
  77  16:08  Dark Templar  
  79  16:14  Archon  
  79  16:15  Zealot  
  81  16:29  Stalker  
  83  16:33  Stalker  
  85  16:45  Zealot  
  85  16:48  Zealot  
  87  16:56  Zealot  
  89  17:04  Zealot  
  91  17:12  Zealot  
  93  17:27  Observer  
  93  17:36  Observer  
  94  17:38  Pylon  
  94  17:41  Pylon  
  94  17:54  Immortal  
  98  18:32  Warp Prism, Templar Archives  
  100  18:55  Forge  
  100  19:10  High Templar x2  
  100  19:11  High Templar  
  100  19:16  High Templar  
  107  19:57  Nexus  
  107  20:03  High Templar  
  109  20:15  Pylon  
  109  20:51  Zealot x2  
  109  20:52  Zealot x2  
  117  21:00  Pylon  
  117  21:10  Probe  
  118  21:19  Probe  
  119  21:28  Probe  
  119  21:30  Observer  
  121  21:41  High Templar x3  
  121  21:46  Probe  
  128  21:51  Pylon  
  128  21:53  Pylon  
  128  21:54  Assimilator  
  128  21:55  Assimilator  
  128  21:58  Probe  
  129  22:10  Probe  
  124  22:31  Immortal  
  128  22:47  Probe  
  129  22:55  Probe  
  129  23:00  Immortal  
  129  23:03  Zealot  
  129  23:04  Probe  
  136  23:19  Probe  
  137  23:31  Probe  
  137  23:33  Nexus  
  138  23:34  Pylon  
  138  23:35  Pylon  
  138  23:36  High Templar  
  138  23:37  High Templar x3  
  146  23:42  Assimilator  
  146  23:43  Probe  
  148  23:55  Probe  
  148  24:05  Protoss Ground Weapons Level 1  
  148  24:18  Robotics Bay  
  148  24:21  Robotics Facility  
  148  24:25  Observer  
  149  24:47  Observer  
  150  25:03  Probe  
  150  25:04  Assimilator  
  151  25:09  Disruptor  
  151  25:10  Extended Thermal Lance  
  151  25:12  Disruptor  
  154  25:16  Probe  
  158  25:25  Observer  
  158  25:28  Probe  
  159  25:40  Probe  
  159  25:42  Gateway, Pylon  
  160  25:43  Gateway  
  160  25:45  Gateway  
  160  25:47  Disruptor  
  163  25:52  Probe  
  163  25:54  Zealot x3  
  163  25:55  Zealot x2  
  174  26:01  Pylon  
  172  26:25  Colossus  
  178  26:44  Forge  
  178  26:45  Forge  
  178  26:50  Stargate x2  
  178  26:51  Gateway  
  178  26:55  Gateway  
  178  27:08  Colossus  
  180  27:23  Shield Battery x2  
  180  27:25  Zealot  
  180  27:26  Zealot x5  
  180  27:27  Zealot  
  180  27:28  Zealot x2  
  198  27:38  Protoss Ground Armor Level 1  
  198  27:41  Protoss Ground Weapons Level 2  
  198  27:43  Fleet Beacon  
  198  28:15  Dark Templar  
  198  28:19  Gravitic Drive  
  200  28:22  Pylon  
  200  28:24  Pylon  
  97  28:55  Observer  
  87  29:00  Colossus  
  77  29:06  Zealot x2  
  77  29:07  Zealot x6  
  77  29:08  Zealot x3  
  99  29:10  Colossus  
  99  29:16  Gravitic Boosters  
  111  29:21  Tempest x2  
  121  29:30  Protoss Shields Level 1  
  121  29:31  Zealot x3  
  127  29:41  Probe  
  127  29:53  Zealot x6  
  139  30:03  Immortal  
  136  30:21  Zealot x5  
  146  30:39  Dark Templar x4  
  82  31:11  Archon  
  82  31:12  Zealot x2  
  82  31:13  Zealot x6  
  82  31:14  Zealot x2  
  82  31:28  Immortal  
  63  31:37  Dark Templar x2  
  62  31:50  Zealot  
  62  31:51  Zealot x3  
  62  31:52  Observer  
  69  32:29  Protoss Ground Weapons Level 3  
  69  32:38  Immortal  
  69  32:39  Immortal  
  69  32:43  High Templar x3  
  83  32:45  Nexus  
  83  32:59  Zealot x3  
  89  33:07  Assimilator  
  89  33:10  Assimilator  
  89  33:14  Probe x4  
  93  33:26  Immortal  
  97  33:28  High Templar  
  97  33:30  High Templar  
  101  33:48  Zealot  
  101  33:49  Zealot x2  
  101  33:52  Zealot  
  101  33:53  Zealot  
  111  33:59  Probe  
  112  34:04  Probe  
  112  34:07  Probe  
  113  34:12  Probe  
  113  34:15  Zealot x2  
  113  34:17  Probe  
  119  34:22  Probe  
  120  34:27  Immortal x2  
  129  35:02  Zealot  
  129  35:03  Zealot x6  
  129  35:04  Zealot x2  
  147  35:13  Dark Templar x2  
  150  35:17  Colossus  
  156  35:23  Dark Templar  
  158  35:30  Colossus  
  164  35:36  High Templar x4  
  164  35:40  Archon  
  164  35:41  Archon  
  172  35:43  Archon  
  172  35:46  Dark Templar x2  
  176  36:06  Dark Templar x2  
  180  36:15  Tempest x2  
  189  36:29  Colossus  
  195  36:51  Observer  
  196  37:09  Protoss Ground Armor Level 2  
  196  37:10  Protoss Shields Level 2  
  196  37:19  Pylon  
  196  37:21  Pylon  
  196  37:58  Photon Cannon  
  196  38:00  Photon Cannon  
  196  38:01  Photon Cannon  
  196  38:03  Photon Cannon  
  196  38:05  Photon Cannon  
  146  38:23  Dark Templar x4  
  146  38:24  Dark Templar x4  
  150  38:43  Templar Archives  
  144  39:19  High Templar  
  144  39:20  High Templar x4  
  75  39:58  Zealot x5  
  75  39:59  Zealot x6  
  85  40:07  Observer  
  76  41:00  Immortal x2  
  84  41:06  Zealot x4  
  84  41:07  Zealot  
  84  41:08  Tempest  
  84  41:09  Tempest  
  104  41:17  Zealot x5  
  104  41:18  Zealot  
  116  41:29  Robotics Facility  
  116  41:39  Immortal  
  112  41:50  Observer  
  111  42:20  Dark Templar  
  113  42:38  Colossus x2  
  122  43:29  Nexus  
  122  43:48  High Templar x2  
  126  43:50  Zealot x4  
  126  43:52  Archon  
  129  44:43  Assimilator  
  129  44:46  Assimilator  
  129  44:49  Pylon  
  129  44:52  Pylon  
  129  44:53  High Templar x2  
  129  44:55  High Templar  
  129  44:57  Pylon  
  129  44:59  High Templar  
  137  45:00  Pylon  
  137  45:04  Archon  
  137  45:06  Archon  
  134  45:13  Observer  
  135  45:34  Observer  
  136  46:03  Dark Templar  
  135  46:36  Dark Templar x2  
  135  46:39  Zealot x2  
  143  46:40  Zealot x5  
  153  46:58  Photon Cannon  
  153  47:00  Photon Cannon  
  153  47:03  Photon Cannon  
  153  47:28  Dark Templar x3  
  159  47:43  Observer  
  135  47:47  Dark Templar x2  
  135  47:49  Zealot x4  
  104  48:00  Zealot x2  
  108  48:11  Zealot x2  
  112  48:23  Dark Templar  
  112  48:27  Dark Templar  
  116  48:32  Zealot, Dark Templar  
  120  48:37  Warp Prism  
  118  48:46  Observer  
  120  48:52  Zealot  
  120  48:53  Zealot  
  124  48:56  Zealot  
  126  49:04  Photon Cannon  
  126  49:17  Immortal  
  130  49:43  Zealot  
  130  49:44  Zealot x4  
  115  49:45  Probe  
  49  50:44  Archon  
  31  50:50  Zealot x4  
  31  50:51  Zealot x2  
  31  50:55  High Templar  
  45  51:02  Observer  
  45  51:04  Observer x2  
  48  51:05  Archon  
  48  51:07  Zealot  
  48  51:10  Zealot  
  52  51:13  High Templar  
  52  51:15  High Templar  
  56  51:19  High Templar  
  58  51:58  Immortal  
  58  51:59  Immortal  
  66  52:17  Zealot x4  
  74  52:56  Immortal x2  
  74  53:01  Immortal  
  84  53:42  Zealot x2  
  87  53:51  Zealot  
  87  53:53  Zealot  
  90  54:43  Dark Templar x2  
  74  56:58  Nexus  
  74  57:25  Observer  
  68  58:16  Templar Archives  
  68  58:34  Assimilator  
  68  58:39  Assimilator  
  59  58:52  Observer  
  54  59:24  Observer  
  53  60:14  Nexus  
  53  60:34  Observer x3  
  42  60:49  Pylon  
  42  60:55  Pylon  
  42  61:08  Zealot x2  
  42  61:09  Zealot  
  48  61:24  High Templar x2  
  52  61:30  High Templar  
  52  61:32  Observer  
  49  62:40  Archon  
  42  63:10  Zealot x2  
Show
View Real Time Build Order
Export as new Build Order

Crazyrain Terran - Winner!

Build Orders: Reaper Expand 

Get SALT Encoding   

  12  0:02  SCV  
  13  0:14  SCV  
  13  0:17  Supply Depot  
  14  0:26  SCV  
  15  0:39  SCV  
  15  0:42  Barracks  
  16  0:49  Refinery  
  16  0:51  SCV  
  17  1:03  SCV  
  18  1:15  SCV  
  19  1:29  Orbital Command  
  19  1:32  Reaper  
  20  1:40  Command Center  
  20  1:48  Refinery  
  20  1:54  SCV  
  21  2:04  Supply Depot  
  21  2:07  SCV  
  22  2:11  Barracks Reactor  
  22  2:19  SCV  
  23  2:24  Bunker  
  23  2:31  SCV  
  24  2:43  SCV  
  25  2:47  Marine x2, Factory  
  27  2:54  Orbital Command  
  27  2:55  SCV  
  28  3:05  Marine x2  
  29  3:08  SCV  
  30  3:13  Barracks  
  30  3:20  SCV  
  30  3:24  SCV  
  30  3:25  Marine  
  30  3:26  Supply Depot  
  33  3:27  Marine  
  33  3:32  SCV  
  35  3:36  SCV  
  35  3:39  Starport  
  35  3:40  Factory Tech Lab  
  36  3:44  SCV  
  36  3:45  Marine x2  
  36  3:48  SCV  
  40  3:52  Supply Depot  
  40  3:57  SCV  
  40  3:58  Engineering Bay  
  41  4:03  Marine  
  41  4:04  SCV  
  41  4:06  Barracks Tech Lab  
  43  4:13  Marine  
  43  4:14  Siege Tank  
  46  4:17  SCV x2  
  46  4:20  Marine  
  48  4:24  Starport Reactor  
  48  4:26  Stimpack  
  48  4:28  Terran Infantry Weapons Level 1  
  48  4:29  SCV  
  48  4:30  Marine  
  50  4:37  SCV, Refinery  
  51  4:39  Marine  
  51  4:41  SCV  
  51  4:43  Barracks  
  53  4:46  Marine  
  53  4:48  Marine  
  53  4:49  SCV  
  56  4:53  Siege Tank  
  56  4:54  SCV  
  60  5:00  Marine  
  60  5:01  SCV  
  62  5:10  Supply Depot  
  62  5:13  Supply Depot  
  62  5:25  Refinery  
  62  5:31  Marine  
  62  5:32  Barracks Tech Lab  
  67  5:40  SCV  
  64  5:48  SCV  
  65  5:51  Raven  
  65  5:53  Supply Depot  
  67  5:59  Combat Shield  
  67  6:02  Widow Mine x2  
  71  6:06  Supply Depot, SCV x2  
  71  6:10  Supply Depot  
  73  6:12  Marine x2  
  73  6:15  Supply Depot  
  75  6:18  SCV x2  
  75  6:22  Terran Infantry Armor Level 1  
  75  6:23  Widow Mine x2  
  81  6:27  Concussive Shells  
  81  6:30  SCV  
  81  6:32  Supply Depot  
  82  6:35  Supply Depot  
  82  6:52  Supply Depot, Marine, SCV x2  
  82  6:53  Marine x2  
  87  6:55  Medivac x2  
  87  6:56  Siege Tank  
  94  7:08  Command Center  
  94  7:10  Engineering Bay  
  94  7:13  Armory  
  94  7:16  Marine x4  
  93  7:34  Medivac, Marine x4  
  93  7:35  Medivac  
  101  7:40  Missile Turret  
  101  7:41  SCV x2  
  101  7:42  Siege Tank  
  106  7:52  Marine x3  
  106  7:53  Marine  
  110  8:01  Barracks x2, Missile Turret  
  110  8:07  Medivac  
  110  8:09  Marine  
  110  8:10  Medivac, Marine x2  
  110  8:11  Marine  
  118  8:13  SCV  
  118  8:14  SCV  
  120  8:20  Terran Infantry Weapons Level 2  
  117  8:36  Marine  
  117  8:37  Marine x3  
  113  8:50  Marine x2  
  113  8:54  Marine x3  
  113  8:55  Marine  
  107  9:08  Orbital Command, Marine x2  
  103  9:12  Marine x3  
  103  9:13  Marine  
  104  9:26  Marine x2  
  104  9:30  Marine x4  
  101  9:43  Marine  
  101  9:44  Marine  
  103  9:48  Marine x4  
  85  10:01  Marine x2  
  85  10:05  Marine  
  85  10:06  Marine x3  
  73  10:19  Marine x2  
  71  10:23  Marine  
  68  11:02  Marine  
  69  11:16  SCV  
  70  11:36  SCV x2  
  70  11:39  Orbital Command  
  72  11:48  SCV x2  
  74  12:00  SCV x2  
  76  12:07  SCV  
  77  12:12  SCV x2  
  80  12:26  Orbital Command  
  74  12:56  SCV  
  74  12:57  SCV x2  
  77  13:04  Barracks  
  77  13:08  Supply Depot  
  77  13:09  Supply Depot  
  77  13:24  SCV x2  
  77  13:25  SCV  
  80  13:30  Missile Turret  
  80  13:34  Missile Turret  
  80  13:37  SCV  
  81  13:45  SCV  
  82  13:54  SCV x2  
  84  13:57  Drilling Claws  
  84  14:05  SCV  
  84  14:06  SCV  
  84  14:08  SCV  
  87  14:15  Marine  
  88  14:17  SCV  
  88  14:21  SCV  
  90  14:38  Marauder x2  
  94  14:49  SCV  
  94  14:50  Factory  
  94  14:52  SCV  
  96  14:59  Marauder  
  98  15:10  Widow Mine, Marine x2  
  102  15:23  Marine x2  
  102  15:24  Marine  
  104  15:31  Widow Mine  
  106  15:41  Refinery  
  106  15:42  Factory Tech Lab  
  106  15:45  Barracks Tech Lab x2  
  106  15:48  Terran Infantry Armor Level 2  
  106  15:52  Widow Mine  
  108  16:07  Marauder x3  
  108  16:08  Widow Mine  
  108  16:11  Orbital Command  
  116  16:14  Widow Mine  
  116  16:15  Marine  
  121  16:19  Liberator x2  
  121  16:22  Terran Infantry Weapons Level 3  
  119  16:35  Widow Mine  
  127  16:50  Widow Mine  
  129  16:55  SCV x2  
  129  16:56  Widow Mine, SCV  
  134  17:06  Factory  
  134  17:07  SCV  
  134  17:08  SCV x2  
  137  17:11  Widow Mine  
  137  17:13  Terran Vehicle Weapons Level 1  
  139  17:19  Refinery  
  139  17:20  SCV  
  139  17:21  Refinery  
  140  17:26  Widow Mine  
  142  17:32  Widow Mine  
  142  17:34  SCV x3  
  147  17:47  Widow Mine, Command Center  
  149  17:51  Factory Tech Lab, Armory  
  149  17:57  Armory  
  149  18:10  Supply Depot  
  149  18:32  Widow Mine x3  
  155  18:36  Supply Depot  
  155  18:38  Supply Depot  
  155  18:49  Supply Depot  
  155  18:54  Widow Mine  
  157  18:58  Widow Mine x2  
  157  18:59  Supply Depot x2  
  161  19:04  Terran Vehicle And Ship Armor Level 1  
  161  19:07  Orbital Command, Terran Ship Weapons Level 1  
  161  19:09  Refinery  
  161  19:15  Widow Mine  
  161  19:16  Terran Vehicle Weapons Level 2  
  163  19:20  Widow Mine  
  165  19:27  Widow Mine  
  167  19:36  Widow Mine  
  167  19:37  Marine x4  
  167  19:38  Marine x2  
  175  19:41  Widow Mine  
  175  19:44  Missile Turret  
  177  19:46  Missile Turret  
  177  19:48  Widow Mine  
  179  19:54  Missile Turret  
  179  19:55  Marine x5  
  179  19:56  Missile Turret  
  179  19:58  Widow Mine, Missile Turret  
  186  20:02  Widow Mine  
  188  20:13  Refinery  
  188  20:40  Command Center  
  188  20:51  Starport  
  188  20:52  Starport  
  188  20:55  Starport  
  188  20:59  Terran Vehicle And Ship Armor Level 2  
  188  21:03  Liberator x2  
  188  21:18  Terran Ship Weapons Level 2  
  188  21:23  SCV  
  195  21:30  Starport Tech Lab x2  
  195  21:34  Starport Tech Lab  
  195  21:38  Command Center  
  195  21:52  Fusion Core  
  195  22:02  Orbital Command  
  195  22:03  Refinery  
  191  22:28  Refinery  
  191  22:33  Command Center  
  191  22:42  Weapon Refit  
  191  22:43  Advanced Ballistics  
  191  22:44  Corvid Reactor, Cloaking Field  
  191  23:03  Widow Mine x3, Refinery  
  197  23:09  Orbital Command  
  197  23:12  Refinery  
  197  23:20  Terran Vehicle Weapons Level 3  
  197  23:25  Widow Mine, Terran Vehicle And Ship Armor Level 3  
  199  23:54  Orbital Command  
  199  23:56  Refinery  
  199  24:06  Missile Turret  
  199  24:19  Terran Ship Weapons Level 3  
  199  24:26  Missile Turret  
  199  24:35  Refinery  
  199  24:47  Missile Turret  
  199  25:07  Missile Turret  
  199  25:36  Command Center  
  199  25:45  Command Center  
  195  26:30  Command Center  
  195  26:40  Infernal Pre-Igniter  
  195  26:41  Smart Servos, Mag-Field Accelerator  
  195  26:46  Rapid Reignition System  
  195  26:47  Hyperflight Rotors  
  195  26:52  Orbital Command  
  195  26:53  Refinery  
  195  26:59  Command Center  
  195  27:01  Orbital Command  
  195  27:03  Refinery  
  195  27:57  Planetary Fortress  
  195  27:58  Refinery  
  195  28:11  Command Center x2  
  195  28:18  Command Center  
  195  28:19  Command Center  
  195  28:33  Missile Turret  
  185  28:43  Marauder x3, Marine  
  185  28:44  Marauder, Marine  
  133  28:59  Siege Tank x3  
  133  29:01  Marine x2  
  137  29:04  Medivac  
  137  29:05  Medivac x3, Marauder x4  
  151  29:19  Marine x2  
  151  29:24  Barracks x3  
  153  29:26  Marauder x3, Marine  
  160  29:31  Siege Tank x2  
  160  29:37  Orbital Command x4, Marine  
  167  29:45  Widow Mine  
  169  29:59  Marauder, Marine  
  177  30:00  Marauder x3  
  177  30:02  Orbital Command  
  177  30:04  Widow Mine x2  
  177  30:07  Widow Mine  
  183  30:21  Marauder  
  185  30:22  Marauder x3, Marine x5  
  196  30:40  Marine x3  
  196  30:42  Marauder  
  198  30:43  Marauder, Marine x2  
  182  30:58  Marine x3  
  182  31:01  Marine  
  173  31:06  Marine x3  
  173  31:10  Marine x2  
  128  31:16  Marine x3, Siege Tank  
  124  31:19  Marine  
  124  31:24  Marine x3  
  128  31:28  Marine x2  
  125  31:34  Marine x3  
  125  31:37  Marauder  
  129  31:43  Marauder  
  129  31:46  Marauder, Marine  
  129  31:47  Marauder  
  136  31:57  Refinery  
  136  31:58  Marauder  
  138  32:04  Marauder  
  140  32:17  Barracks Tech Lab x2, Marauder x2  
  140  32:18  Barracks Tech Lab, Orbital Command  
  140  32:19  Marine x2  
  140  32:20  Marauder  
  148  32:25  Marauder  
  142  32:35  Siege Tank x3  
  146  32:39  Marauder  
  148  32:45  Missile Turret  
  148  32:46  Missile Turret  
  147  32:54  Marauder x6, Marine x2  
  161  32:59  Marine  
  161  33:04  Missile Turret  
  162  33:08  Widow Mine x3  
  162  33:12  Marine  
  169  33:13  Orbital Command  
  169  33:18  Marauder x2  
  169  33:19  Marauder x5, Marine  
  184  33:26  Missile Turret  
  184  33:29  Widow Mine x3, Marine  
  191  33:36  Marine  
  192  33:48  Missile Turret  
  192  33:50  Widow Mine x2  
  192  33:51  Widow Mine  
  198  34:00  Orbital Command  
  198  34:12  Widow Mine  
  200  34:18  Refinery  
  190  35:48  Missile Turret  
  190  35:49  Missile Turret  
  190  36:04  Missile Turret  
  190  36:08  SCV  
  190  36:09  SCV x3  
  190  36:10  Missile Turret  
  194  36:25  Missile Turret x2  
  194  36:29  Missile Turret  
  194  36:30  Missile Turret  
  193  36:42  Liberator x2  
  193  36:49  Orbital Command  
  193  36:53  Missile Turret  
  199  37:31  Command Center  
  186  38:20  Marauder x5  
  186  38:21  Marauder x2  
  193  38:34  Marine x2  
  184  38:41  Marauder, Marine x2  
  184  38:42  Marauder x4  
  184  38:45  Siege Tank  
  184  38:46  Siege Tank  
  193  38:55  Marine  
  187  39:00  Marine  
  177  39:03  Marauder x4  
  181  39:13  Marine, Siege Tank  
  175  39:17  Siege Tank  
  175  39:18  Marine, Siege Tank  
  180  39:24  Marauder x4  
  180  39:25  Viking x2  
  165  39:32  SCV  
  165  39:33  SCV  
  145  39:41  Marine x2  
  111  39:46  Marauder x4  
  111  39:48  Orbital Command  
  110  40:07  Marauder x4  
  110  40:13  Siege Tank x3  
  125  40:20  Planetary Fortress  
  125  40:25  Starport Reactor  
  127  40:28  Marauder x2  
  127  40:29  Marauder x2  
  127  40:34  Marine x2  
  135  40:45  Siege Tank x2  
  135  40:49  Marine  
  145  40:50  Marauder x3  
  145  40:51  Missile Turret  
  145  40:52  Missile Turret  
  145  40:53  Missile Turret  
  148  40:58  Siege Tank  
  151  41:07  Marine x2  
  151  41:08  Marauder  
  151  41:10  Ghost Academy  
  157  41:11  Marauder  
  157  41:13  Ghost Academy x2  
  157  41:15  Ghost Academy  
  157  41:17  Siege Tank x2  
  163  41:20  Refinery  
  163  41:33  Orbital Command  
  163  41:45  Personal Cloaking  
  163  41:46  Nuke x3  
  163  42:19  Refinery  
  159  42:36  Viking x4, Missile Turret  
  159  42:37  Viking  
  167  42:38  Missile Turret  
  161  42:57  Missile Turret  
  161  42:58  Marauder x2  
  165  42:59  Marauder, Marine x2  
  169  43:11  Barracks, Nuke  
  169  43:12  Barracks  
  169  43:13  Barracks  
  169  43:14  Barracks  
  169  43:22  Barracks  
  169  43:25  Barracks  
  169  43:50  Command Center  
  169  44:04  Barracks Tech Lab x3  
  169  44:05  Barracks Tech Lab  
  169  44:09  Orbital Command  
  169  44:32  Barracks Tech Lab  
  169  44:33  Barracks Tech Lab  
  166  44:40  Ghost x2  
  166  44:41  Ghost x6  
  166  44:43  Marine x2  
  166  44:44  Siege Tank x3  
  193  45:00  Marine  
  194  45:12  Orbital Command  
  194  45:13  Refinery  
  194  45:16  Siege Tank  
  195  46:18  Widow Mine x3  
  189  46:30  Orbital Command  
  189  46:39  Widow Mine x3  
  194  47:00  Widow Mine  
  196  47:04  Missile Turret  
  196  47:09  Widow Mine x2  
  200  47:25  Missile Turret  
  169  47:48  Missile Turret  
  165  47:52  Marauder x3  
  151  48:02  Medivac x5  
  151  48:03  Marauder x2, Marine x3  
  168  48:08  Siege Tank x2  
  168  48:09  Siege Tank  
  177  48:14  Ghost x3  
  177  48:15  Ghost x4  
  191  48:26  Marine x2  
  191  48:27  Marauder  
  195  48:40  Siege Tank  
  198  49:01  Widow Mine  
  194  49:42  Nuke  
  194  49:43  Nuke x3  
  194  49:52  Ghost x3  
  200  50:00  Missile Turret  
  200  50:20  Sensor Tower  
  112  50:52  Ghost x7  
  112  50:53  Ghost x2  
  112  50:54  Marine x3  
  133  51:12  Marauder, Marine x2, SCV x4  
  133  51:13  SCV x6  
  133  51:14  SCV  
  148  51:21  Marauder x2, Marine x3  
  148  51:24  SCV x3  
  158  51:32  Marauder x3, Marine x3  
  167  51:46  Refinery  
  167  52:06  Orbital Command  
  167  52:24  Marauder x5, Marine x2  
  176  52:41  Missile Turret  
  168  53:02  Missile Turret  
  168  53:57  Nuke  
  168  53:58  Nuke x3  
  168  54:28  Orbital Command, Refinery  
  168  54:52  Nuke x4  
  138  55:54  Nuke x4  
  135  56:16  Siege Tank x2  
  135  56:17  Siege Tank  
  135  56:18  Marauder x3, Marine  
  150  56:19  Marauder  
  140  56:47  Medivac x3  
  140  56:48  Siege Tank  
  149  57:34  Orbital Command  
  149  58:00  Orbital Command  
  149  58:04  Orbital Command  
  149  58:20  Orbital Command  
  149  58:26  Orbital Command  
  149  58:54  Orbital Command  
  131  58:56  Ghost x3  
  131  58:57  Ghost x7  
  151  59:25  Ghost x5  
  161  59:37  Ghost x3  
  161  59:38  Ghost x2  
  169  59:43  Orbital Command  
  167  59:53  Ghost  
  157  60:51  Orbital Command  
  157  61:08  Ghost x6  
  157  61:09  Ghost x3  
  167  62:06  Reaper  
  157  62:46  Orbital Command  
Tags
 
Add a new tag
Caveats
  • Supply blocks, unpowered buildings, or Contaminate may cause inaccurate times.
  • Supply counts are checked every 10 seconds.